Map: Nightshade LE

Players

momo

  • Race: Zerg Zerg
  • League: Diamond
  • Spawn Location: 11:00

Unknown - Winner!

  • Race: Terran Terran
  • League: Diamond
  • Spawn Location: 5:00

VOD

Have the link to the VOD?

Description

Time

  • Played on: May 22, 2020, 7:49 p.m.
  • Length: 8:12
Show
View Real Time Build Order
Export as new Build Order

momo Zerg 

Build Orders: Hatch First 

Get SALT Encoding   

  12  0:01  Drone  
  13  0:13  Overlord  
  13  0:17  Drone  
  14  0:32  Drone x2  
  16  0:42  Drone  
  17  0:53  Hatchery  
  17  0:55  Drone  
  17  0:57  Drone  
  18  1:10  Extractor  
  17  1:12  Spawning Pool  
  17  1:16  Drone  
  17  1:19  Drone  
  18  1:29  Drone  
  19  1:40  Overlord  
  19  1:50  Drone  
  20  1:59  Queen  
  22  2:02  Zergling x2  
  22  2:04  Queen  
  22  2:05  Zergling x2  
  26  2:12  Metabolic Boost  
  26  2:18  Drone x2  
  28  2:31  Drone x2  
  28  2:36  Drone  
  31  2:46  Drone x2  
  31  2:47  Queen  
  31  2:48  Overlord  
  34  3:06  Drone x2  
  36  3:13  Drone x2  
  36  3:14  Queen  
  36  3:17  Overlord  
  36  3:18  Hatchery  
  39  3:28  Drone x2  
  39  3:31  Drone  
  42  3:41  Drone  
  43  3:49  Overlord  
  43  3:50  Drone x3  
  46  3:56  Overlord  
  46  4:00  Roach Warren  
  46  4:01  Drone  
  46  4:03  Lair  
  46  4:06  Overlord  
  46  4:13  Overlord  
  46  4:14  Zergling x8  
  49  4:28  Baneling Nest  
  49  4:31  Drone x6  
  54  4:35  Evolution Chamber  
  54  4:37  Drone, Extractor  
  54  4:40  Drone  
  55  4:46  Drone x2  
  55  4:47  Drone  
  55  4:51  Drone x3  
  61  4:58  Drone x2  
  61  4:59  Drone x3  
  66  5:05  Evolution Chamber  
  66  5:06  Zerg Ground Armor Level 1  
  65  5:10  Zergling x2  
  65  5:11  Zergling x6  
  69  5:16  Spore Crawler  
  69  5:19  Baneling x2  
  69  5:20  Zergling x6, Baneling  
  69  5:21  Zergling x4  
  73  5:24  Zergling x2  
  73  5:27  Zergling x6  
  74  5:29  Zergling x2  
  73  5:39  Zergling x6  
  71  5:43  Drone x4  
  71  5:44  Drone  
  76  5:50  Hatchery  
  76  5:52  Centrifical Hooks  
  74  5:57  Zergling x2  
  74  5:58  Zergling x2  
  75  6:08  Extractor  
  75  6:09  Extractor  
  75  6:11  Overlord  
  73  6:15  Spore Crawler  
  73  6:16  Zergling x2, Zerg Melee Weapons Level 1  
  73  6:17  Zergling x4  
  75  6:21  Overlord  
  75  6:23  Baneling x3  
  75  6:26  Overlord x4  
  74  6:33  Zergling x2  
  74  6:34  Zergling x6  
  74  6:37  Drone  
  74  6:38  Drone x2  
  81  6:42  Drone  
  82  6:52  Drone  
  83  7:01  Drone x2  
  85  7:05  Drone x2  
  85  7:07  Queen, Spore Crawler  
  88  7:14  Spore Crawler  
  87  7:16  Spine Crawler  
  87  7:17  Pneumatized Carapace  
  87  7:20  Drone  
  87  7:21  Drone x4  
  89  7:33  Extractor  
  89  7:34  Hatchery  
  89  7:35  Zergling x16  
  89  7:36  Zergling x2  
  95  7:37  Zergling x2, Extractor  
  97  7:50  Zergling x2  
  98  7:55  Zergling x2  
  98  7:58  Extractor x2, Infestation Pit  
Show
View Real Time Build Order
Export as new Build Order

Unknown Terran - Winner!

Build Orders: Reaper Expand 

Get SALT Encoding   

  12  0:00  SCV  
  13  0:12  SCV  
  14  0:17  Supply Depot  
  14  0:24  SCV  
  15  0:39  SCV, Barracks  
  16  0:44  Refinery  
  16  0:51  SCV  
  17  1:03  SCV  
  18  1:15  SCV  
  19  1:28  Reaper, Orbital Command  
  20  1:42  Command Center  
  20  1:53  Barracks  
  20  1:57  SCV  
  20  2:00  Barracks Reactor  
  21  2:09  Supply Depot  
  21  2:12  Refinery  
  21  2:16  SCV  
  22  2:28  SCV  
  23  2:32  Factory  
  23  2:40  SCV  
  24  2:44  Barracks Tech Lab  
  24  2:45  Marine  
  24  2:49  Marine  
  26  2:52  SCV  
  26  2:55  Orbital Command  
  27  3:04  SCV  
  27  3:05  Marine x2  
  28  3:07  Marine  
  30  3:20  SCV, Factory Reactor  
  30  3:23  Starport, Marine  
  32  3:29  SCV  
  32  3:32  SCV  
  34  3:35  Stimpack  
  34  3:38  Marine  
  34  3:40  Marine  
  36  3:44  SCV  
  36  3:49  Marine  
  36  3:50  SCV, Supply Depot  
  38  3:56  SCV, Marine  
  38  3:58  Marine  
  38  4:02  SCV  
  42  4:07  Marine  
  43  4:10  Medivac  
  43  4:11  Medivac  
  43  4:13  Supply Depot  
  43  4:15  SCV, Marine  
  49  4:25  SCV  
  49  4:26  Marine x2  
  49  4:27  SCV  
  49  4:28  Factory Tech Lab  
  53  4:33  Marine  
  53  4:37  SCV  
  55  4:39  SCV  
  55  4:42  Engineering Bay  
  55  4:44  Marine x2, Engineering Bay  
  58  4:51  SCV  
  59  4:53  Marine  
  59  4:54  Supply Depot, Refinery  
  60  5:00  SCV  
  60  5:03  SCV  
  62  5:11  Supply Depot  
  62  5:15  Combat Shield, Marine x3  
  62  5:16  SCV x2, Siege Tank  
  70  5:31  Terran Infantry Armor Level 1, Terran Infantry Weapons Level 1  
  70  5:33  Marine x2  
  71  5:47  SCV  
  72  5:51  Marine  
  73  6:02  Marine x2  
  73  6:04  SCV  
  73  6:08  SCV  
  73  6:09  Marine  
  73  6:10  Supply Depot  
  73  6:11  Command Center  
  75  6:13  Medivac  
  75  6:16  SCV  
  78  6:19  Supply Depot  
  78  6:31  SCV, Siege Tank, Marine, Medivac  
  85  6:34  Marine  
  85  6:38  SCV  
  85  6:39  Marine  
  82  6:40  Concussive Shells  
  82  6:44  SCV  
  82  6:46  Supply Depot  
  84  6:49  Marine  
  84  6:50  SCV, Barracks x2  
  84  6:51  Marine  
  84  6:52  Barracks  
  87  6:56  SCV  
  88  7:06  SCV  
  88  7:07  Marine  
  90  7:09  Armory, Marine  
  90  7:13  Marine  
  90  7:15  Siege Tank  
  95  7:16  SCV  
  96  7:25  Marine  
  96  7:27  Marine  
  98  7:42  Marine  
  99  7:45  Marine  
  99  7:46  SCV  
  99  7:47  Barracks Reactor x2  
  99  7:48  Barracks Tech Lab  
Tags
 
Add a new tag
Caveats
  • Supply blocks, unpowered buildings, or Contaminate may cause inaccurate times.
  • Supply counts are checked every 10 seconds.